 Dungeon Crawl Stone Soup version 0.31-a0-455-g1a7b003ef0 (webtiles) character file.

Game seed: 14185619707528604753

329 kae the Changeling (level 6, -11/47 HPs)
             Began as a Draconian Shapeshifter on Aug 3, 2023.
             Mangled by a sleepcap (18 damage)
             ... on level 4 of the Dungeon.
             The game lasted 00:02:38 (3349 turns).

kae the Changeling (Draconian Shapeshifter)         Turns: 3349, Time: 00:02:38

Health: -11/47     AC:  6    Str: 18    XL:     6   Next: 25%
Magic:  6/6        EV:  2    Int:  8    God:
Gold:   171        SH:  0    Dex: 13    Spells: 5/5 levels left

rFire   . . .        d - +1 short sword (vamp)
rCold   . . .        (no shield)
rNeg    . . .        (body armour unavailable)
rPois   .            (helmet currently unavailable)
rElec   .            (cloak currently unavailable)
rCorr   .            (gloves currently unavailable)
SInv    .            (boots currently unavailable)
Will    .....        (no amulet)
Stlth   +            (no ring)
HPRegen 0.27/turn    (no ring)
MPRegen 0.10/turn

%: no passive effects
@: beast-form, sleeping
A: beast (slay +4), AC +6, unfitting armour, cold-blooded
a: Begin Untransformation


You were on level 4 of the Dungeon.
You were a hulking beast.
You visited 1 branch of the dungeon, and saw 4 of its levels.
You also visited: Sewer.

You collected 171 gold pieces.


Innate Abilities, Weirdness & Mutations

You are a hulking beast.
Your limbs bulge with bestial killing power. (Slay +4)
Your plain brown scales are hard. (AC +6)
You cannot fit into any form of body armour.
You are cold-blooded and may be slowed by cold attacks.


   Skills:
 - Level 1.1 Fighting
 - Level 1.7 Dodging
 - Level 3.0 Unarmed Combat
 + Level 6.1 Shapeshifting


You had 5 spell levels left.
You didn't know any spells.
Your spell library was empty.

Inventory:

Hand Weapons
 d - a +1 vampiric short sword (weapon)
   (You found it on level 1 of the Dungeon)
Missiles
 e - 15 stones
Jewellery
 n - an amulet of reflection
   (You found it on level 3 of the Dungeon)
Talismans
 b - a beast talisman (active)
Wands
 j - a wand of mindburst (10)
   (You took it off Ijyb on level 3 of the Dungeon)
Scrolls
 c - 2 scrolls of vulnerability {!r!r}
 h - a scroll of teleportation {@r4}
Potions
 a - a potion of lignification {!q}
 f - a potion of enlightenment {unknown}
 g - 5 potions of cancellation {unknown}
 i - 5 potions of curing {@q1}
 k - 4 potions of heal wounds {@q2}
 l - 2 potions of mutation {!q}
 o - a potion of might {unknown}
 p - 3 potions of resistance
 q - a potion of haste {unknown}

Dungeon Overview and Level Annotations

Branches:
Dungeon (4/15) Zot: 20960   Sewer (visited)
 Temple: D:4-7

Altars:
Uskayaw

Annotations:
D:2 1 runed translucent door, Crazy Yiuf

#....'.....'..#...#....#
#....#.....#..#...#....#
######.....#..##..#....##
#......###..#####.....#
#......#........#.....#
#......#........#.....+
###......#.##.#####.....#
........##.######....#
........#......hf....+
........'...[...#....#
.........#######.#....#
.#####.....#####+##.....#
.# #.....'......#.....#
.#. #.....#......#....s#
.##. #.....#####+##.....#
..#..###........ .....#
..#....#........


You could see a sleepcap and a scorpion (fleeing).


Message History

Your hp is fully restored (47).
No target in view!
No target in view!
You open the door.
An endoplasm comes into view.
The endoplasm freezes you.
You are frozen.
There is an open door here.
You hit the endoplasm.
You kill the endoplasm! 😕 HP[-2]
You take 2 damage, and now have 45/47 hp.
You open the door.
There is an open door here.
You open the door.
There is an open door here.
As you open the door, it creaks loudly! 😎 HP[+2]
Your hp is fully restored (47).
No target in view!
No target in view!
There is an open door here.
You open the door.
There is an open door here.
You open the door.
Found a stone staircase leading up.
There is an open door here.
No target in view!
No target in view!
Found a stone staircase leading up.
No target in view!
No target in view!
You open the door.
There is an open door here.
There is an open door here.
You open the door.
There is an open door here.
p - 3 potions of resistance (gained 1)
There is an open door here.
You open the door.
A sleepcap and a scorpion come into view.
There are monsters nearby!
A goblin comes into view. It is wielding a +0 dagger.
There is an open door here.
The goblin shouts!
The goblin unwields a +0 dagger.
The goblin wields a +0 sling.
The goblin shoots a sling bullet.
The sling bullet hits you but does no damage.
The sleepcap releases spores at you but does no damage.
You hit the sleepcap. The sleepcap releases spores at you.
You are engulfed in a cloud of soporific spores!
You fall asleep.
The scorpion stings you!
You wake up.
You are poisoned.
The scorpion poisons you!
The sleepcap barely misses you. 😮 HP[-14]
You take 14 damage, and now have 33/47 hp.
MASSIVE DAMAGE!! (PAUSE)
The sleepcap attacks as you move away! The sleepcap completely misses you.
You feel very sick.
The goblin shoots a sling bullet.
The sling bullet hits you.
The scorpion stings you but does no damage. 😮 HP[-7]
You take 7 damage, and now have 26/47 hp.
You feel very sick.
There is an open door here. 😮 HP[-2]
You take 2 damage, and now have 24/47 hp.
The scorpion attacks as you move away! The scorpion closely misses you.
You feel sick.
The goblin shoots a sling bullet.
The sling bullet barely misses you. 😨 HP[-2]
You take 2 damage, and now have 22/47 hp.
Okay, then.
Okay, then.
As you read the scroll of fear, it crumbles to dust.
You assume a fearsome visage.
The sleepcap is unaffected.
The scorpion looks frightened!
The goblin looks frightened!
You feel sick. 😨 HP[-1]
You take 1 damage, and now have 21/47 hp.
You hit the sleepcap but do no damage. You punch the sleepcap.
You feel sick.
The sleepcap releases spores at you but does no damage. 😨 HP[-1]
You take 1 damage, and now have 20/47 hp.
You hit the sleepcap.
You feel better.
You feel sick.
The sleepcap releases spores at you but does no damage.
You hit the sleepcap but do no damage.
You feel sick. The sleepcap releases spores at you!
* * * LOW HITPOINT WARNING * * *
😨 HP[-8]
You take 8 damage, and now have 12/47 hp.
You hit the sleepcap.
You feel sick. The sleepcap releases spores at you.
* * * LOW HITPOINT WARNING * * *
You are engulfed in a cloud of soporific spores!
You fall asleep.
You feel sick.
You are no longer poisoned.
The sleepcap releases spores at you!!
You die...

Skill      XL: |  1  2  3  4  5  6 |
---------------+-------------------+-----
Shapeshifting  | 4 5 6 |  6.1
Fighting       | |  1.1
Dodging        | |  1.7
Unarmed Combat | |  3.0

Action                     |  1- 3 |  4- 6 || total
---------------------------+-------+-------++-------
  Melee: Unarmed           |    14 |       ||    14
         Tailslap          |    11 |    22 ||    33
         Short sword       |   115 |   198 ||   313
         Punch             |       |     2 ||     2
    Use: Scroll            |       |    11 ||    11
   Stab: Sleeping          |     2 |       ||     2
 Armour: Skin              |    36 |    72 ||   108
  Dodge: Dodged            |    88 |   125 ||   213

Levels and vault maps discovered:
D:1:      ncdulo_watergridlock, layout_loops_ring,
          hellmonk_ecumenical_altar_prayer_group, kennysheep_another_room
D:2:      layout_loops_corners, basic_altar, uniq_crazy_yiuf_cottage
D:3:      layout_basic, portal_sewer_entry_f, uniq_ijyb
D:4:      layout_gridville, minmay_mini_ossuary

Notes
Turn   | Place    | Note
-------+----------+-------------------------------------------
     0 | D:1      | kae the Draconian Shapeshifter began the quest for the Orb.
     0 | D:1      | Reached XP level 1. HP: 16/16 MP: 1/1
     0 | D:1      | magus.rc [v1.11.3]
   161 | D:1      | Reached XP level 2. HP: 23/23 MP: 2/2
   477 | D:1      | Reached XP level 3. HP: 28/28 MP: 3/3
   551 | D:1      | Reached skill level 4 in Shapeshifting
   664 | D:1      | Found a faded altar of an unknown god.
  1068 | D:2      | Found a hide-covered altar of Uskayaw.
  1277 | D:2      | Reached XP level 4. HP: 35/35 MP: 4/4
  1558 | D:2      | Found a runed translucent door.
  1559 | D:2      | Noticed Crazy Yiuf
  1856 | D:3      | Noticed Ijyb
  1868 | D:3      | Killed Ijyb
  1946 | D:3      | Reached skill level 5 in Shapeshifting
  2012 | D:3      | Reached XP level 5. HP: 31/40 MP: 5/5
  2133 | D:3      | Found a glowing drain.
  2144 | Sewer    | Entered a sewer
  2320 | Sewer    | Found a viscous altar of Jiyva.
  2333 | Sewer    | Reached XP level 6. HP: 46/47 MP: 6/6
  2338 | Sewer    | Reached skill level 6 in Shapeshifting
  3348 | D:4      | HP: 11/47 [poisoned by a scorpion]
  3349 | D:4      | Mangled by a sleepcap

Vanquished Creatures
  2 jellies (Sewer)
  An iguana (D:3)
  Ijyb (D:3)
  An orc wizard (D:3)
  3 adders
  2 river rats (Sewer)
  2 worms (D:3)
  4 dart slugs
  3 orcs (D:3)
  9 ball pythons
  19 endoplasms
  13 giant cockroaches
  11 goblins
  12 hobgoblins
  6 jackals
  5 kobolds
  4 quokkas
  8 bats
  7 frilled lizards
  5 rats
118 creatures vanquished.

Table legend:
 A = Non-vault XP
 B = Vault XP
 C = Vault XP percentage of total XP
 D = Non-vault monster count
 E = Vault monster count
 F = Vault count percentage of total count
                 A         B        C        D         E       F
            +---------+---------+-------+---------+---------+-------
      Total |     255 |     215 |  45.7 |      76 |      42 |  35.6
            +---------+---------+-------+---------+---------+-------
        D:1 |      54 |      10 |  15.6 |      28 |       5 |  15.2
        D:2 |      59 |       0 |   0.0 |      20 |       0 |   0.0
        D:3 |     138 |      46 |  25.0 |      26 |       6 |  18.8
        D:4 |       4 |       0 |   0.0 |       2 |       0 |   0.0
      Sewer |       0 |     159 | 100.0 |       0 |      31 | 100.0
            +---------+---------+-------+---------+---------+-------

Skill      XL: |  1  2  3  4  5  6 |
---------------+-------------------+-----
Shapeshifting  | 4 5 6 |  6.1
Fighting       | |  1.1
Dodging        | |  1.7
Unarmed Combat | |  3.0

Action                     |  1- 3 |  4- 6 || total
---------------------------+-------+-------++-------
  Melee: Unarmed           |    14 |       ||    14
         Tailslap          |    11 |    22 ||    33
         Short sword       |   115 |   198 ||   313
         Punch             |       |     2 ||     2
    Use: Scroll            |       |    11 ||    11
   Stab: Sleeping          |     2 |       ||     2
 Armour: Skin              |    36 |    72 ||   108
  Dodge: Dodged            |    88 |   125 ||   213

Illustrated notes

Table legend:
 A = Kills in this place as a percentage of kills in the entire game.
 B = Kills by you in this place as a percentage of kills by you in the entire game.
 C = Kills by friends in this place as a percentage of kills by friends in the entire game.
 D = Other kills in this place as a percentage of other kills in the entire game.
 E = Experience gained in this place as a percentage of experience gained in the entire game.
 F = Experience gained in this place divided by the number of levels of this place that you have seen.
                   A       B       C       D       E      F
               +-------+-------+-------+-------+-------+----------------------
         Total | 100.0 | 100.0 |   N/A |   N/A | 100.0 |  94.0
       Dungeon |  73.7 |  73.7 |   N/A |   N/A |  66.2 |  77.8
         Sewer |  26.3 |  26.3 |   N/A |   N/A |  33.8 | 159.0
               +-------+-------+-------+-------+-------+----------------------

Table legend: (Time is in decaauts)
 A = Elapsed time spent in this place.
 B = Non-inter-level travel time spent in this place.
 C = Inter-level travel time spent in this place.
 D = Time resting spent in this place.
 E = Time spent auto-exploring this place.
 F = Levels seen in this place.
 G = Mean time per level.
                   A        B        C        D        E       F      G
               +--------+--------+--------+--------+--------+-----+--------+
         Total |   3394 |   3293 |    101 |      5 |   2391 |   5 |  678.8 |
       Dungeon |   3038 |   2937 |    101 |      5 |   2241 |   4 |  759.5 |
         Sewer |    356 |    356 |      0 |      0 |    150 |   1 |  356.0 |
               +--------+--------+--------+--------+--------+-----+--------+

Top non-repeatable levels by time:
     D:3: 998 daAuts
     D:2: 977 daAuts
     D:1: 858 daAuts
   Sewer: 356 daAuts
     D:4: 203 daAuts
